[Event "Early-Titled-Tuesday-Blitz-December-26-2023"]
[Site "Chess.com"]
[Date "2023.12.26"]
[Round "2"]
[White "WeAintSurePal"]
[Black "wqws"]
[Result "0-1"]
[WhiteElo "2522"]
[BlackElo "2747"]
[TimeControl "180+1"]
[EndTime "8:19:00 PST"]
[Termination "wqws won by checkmate"]

1. d4 Nf6 2. Nf3 g6 3. Bg5 Bg7 4. c3 d5 5. Nbd2 O-O 6. e3 b6 7.
a4 Bb7 8. Ne5 Nbd7 9. Nxd7 Qxd7 10. Nf3 Ne4 11. Bf4 c5 12. Bb5 Qc8 13. Qe2 c4 14. a5 a6 15. Ba4 b5 16. Bc2 Re8 17. h4 h5 18. Ng5 Nf6 19. Be5 Bc6 20. Qf3 Qg4 21. Qxg4 Nxg4 22. Bxg7 Kxg7 23. Ke2 Rab8 24. f3 f6 25. Ne6+ Kf7 26. Nc7 Nh6 27. Nxe8 Rxe8 28.
b4 e5 29. Kf2 e4 30. Rag1 f5 31. Bd1 Bd7 32. Be2 Ng8 33. Bd1 Nf6 34. Be2 Re7 35.
Bd1 Bc8 36. Be2 Re8 37. Bd1 Ke7 38. Kg3 Kf7 39. Kf4 Bd7 40. Rh3 Nh7 41. g4 Nf6 42.
gxf5 Bxf5 43. Rhg3 exf3 44. Bxf3 Ne4 45. Bxe4 Rxe4+ 46. Kg5 Re8 47. Rf1 Ke6 48. Rgf3 Rf8 49. Rf4 Rf7 50.
R1f2 Rf8 51. e4 dxe4 52. Rxe4+ Kd6 53. Re5 Rd8 54. Rfe2 Rf8 55. Re8 Rf7 56. Ra8 Bd7 57. Rxa6+ Kc7 58. Re5 Rf3 59. Ra7+ Kd6 60. a6 Rxc3 61. Rc5 Rg3+ 62. Kh6 Ra3 63. Rcc7 Bg4 64. Rcb7 Kd5 65. Rxb5+ Kxd4 66. Ra5 Rxa5 67. bxa5 c3 68. Rc7 Bf3 69. a7 Kd3 70. a6 c2 71.
Kxg6 Kd2 72. a8=Q Bxa8 73. Kxh5 Kd3 74. Kg5 Bd5 75. h5 Bc4 76. Rd7+ Kc3 77. a7 c1=Q+ 78.
Kf6 Qf4+ 79. Ke7 Qe5+ 80. Kd8 Qh8+ 81. Kc7 Qe5+ 82. Kb6 Qb5+ 83. Kc7 Qa5+ 84. Kb8 Qb6+ 85. Rb7 Qd8# 0-1

[Event "Early-Titled-Tuesday-Blitz-December-26-2023"]
[Site "Chess.com"]
[Date "2023.12.26"]
[Round "2"]
[White "CuattroPrincesses"]
[Black "TheFireChess"]
[Result "1/2-1/2"]
[WhiteElo "2275"]
[BlackElo "2513"]
[TimeControl "180+1"]
[EndTime "8:19:01 PST"]
[Termination "Game drawn by repetition"]

1. e4 c6 2. c4 d5 3. exd5 cxd5 4. cxd5 Nf6 5. Nc3 g6 6. Bc4 Bg7 7. Nf3 O-O 8. d3 Nbd7 9. O-O Nb6 10. Qb3 Bf5 11.
Re1 Rc8 12. Be3 Nfd7 13. Bd4 Nc5 14. Qd1 Nxc4 15. dxc4 Nd3 16. Re2 Rxc4 17. Bxg7 Kxg7 18. Ne5 Nxe5 19. Rxe5 e6 20. Qb3 exd5 21. Rxd5 Qc7 22.
Rad1 Be6 23. Rd6 a6 24. Qc2 Rc8 25. Qe2 Qc5 26. h3 Rf4 27. R1d2 Qf5 28. Qe3 Rfc4 29. R6d4 R4c5 30. Rf4 Qe5 31. Qd4 Qxd4 32. Rfxd4 b5 33. a3 a5 34. g4 Rb8 35. Ne4 Rc1+ 36. Kg2 b4 37. axb4 axb4 38. Ng5 Ba2 39. Rd7 h6 40. Nf3 Re8 41. R7d4 Rb8 42. Ne5 Re1 43. Nd3 Re6 44.
Nxb4 Bb3 45. Nd3 Reb6 46. Nf4 g5 47. Nh5+ Kf8 48. Rd8+ Rxd8 49. Rxd8+ Ke7 50. Rh8 Bd5+ 51. Kg3 Rb3+ 52. Kh2 Rxb2 53. Rxh6 Rxf2+ 54. Kg1 Rg2+ 55. Kf1 Rh2 56. Ng3 Ra2 57. Nf5+ Kd7 58. Rh7 Ra1+ 59. Kf2 Ra3 60. Kg1 Be6 61. Nd4 Bd5 62. Nf5 Ke6 63.
Kf2 Ke5 64. Ne3 Be6 65. Rh5 f6 66. Rh8 Kf4 67. Ng2+ Ke5 68. Re8 Ra2+ 69. Kg3 Ra3+ 70. Kf2 Kd6 71. Ne3 Bd7 72. Rf8 Ke5 73. Rd8 Be6 74. Re8 Ra2+ 75. Kf3 Ra3 76. Rb8 Bd5+ 77.
Kf2 Be4 78. Rb5+ Kf4 79. Ng2+ Bxg2 80. Kxg2 Rg3+ 81. Kh2 Rf3 82. Rf5+ Ke3 83. Ra5 Kf2 84. Ra2+ Kf1 85. Ra1+ Ke2 86. Ra2+ Ke3 87. Ra3+ Ke4 88.
Ra5 Rf2+ 89. Kg3 Rf3+ 90. Kh2 Rf4 91. Ra4+ Ke3 92. Ra6 Rf3 93. Ra3+ Kf4 94. Ra4+ Ke5 95. Ra5+ Ke4 96. Ra4+ Ke3 97. Ra3+ 1/2-1/2

[Event "Early-Titled-Tuesday-Blitz-December-26-2023"]
[Site "Chess.com"]
[Date "2023.12.26"]
[Round "2"]
[White "Lady_Nika"]
[Black "NowInChess"]
[Result "1/2-1/2"]
[WhiteElo "2603"]
[BlackElo "2293"]
[TimeControl "180+1"]
[EndTime "8:19:18 PST"]
[Termination "Game drawn by stalemate"]

1. e4 e6 2. d4 d5 3. exd5 exd5 4.
Nf3 Nc6 5. c3 Bd6 6. Bd3 Bg4 7.
O-O Nge7 8. Nbd2 Qd7 9. Qc2 Bf5 10. Re1 O-O 11. Nf1 Rfe8 12. Ne3 Bg6 13. Bd2 Bf4 14. h3 f6 15. Bxg6 hxg6 16. c4 Bxe3 17. Rxe3 dxc4 18. Qxc4+ Qd5 19. Qd3 Nf5 20. Rae1 Nxe3 21. Qxg6 Qf7 22.
Qxf7+ Kxf7 23. fxe3 Rad8 24. Bc3 a5 25. a4 Nb4 26. e4 Nd3 27. Re3 Nf4 28. Kf2 c6 29. Nh4 g6 30. Rf3 Ne6 31. d5 cxd5 32. Rxf6+ Ke7 33. Nxg6+ Kd7 34. exd5 Nc5 35. Rf7+ Kc8 36. Rf5 Nxa4 37. Bxa5 Rd7 38. Bb4 Nxb2 39. Kg1 Nd3 40.
Bc3 Red8 41. h4 Kb8 42. h5 Rxd5 43. Rxd5 Rxd5 44. h6 Rh5 45. g4 Rxh6 46. Ne7 Re6 47. Nd5 Nc5 48. Kg2 Rg6 49. Kh3 Ne4 50. Be5+ Kc8 51. Ne7+ Kd7 52. Nxg6 Ke6 53. Bh2 Nf2+ 54. Kg2 Nxg4 55. Kf3 Ne5+ 56. Nxe5 b5 57. Nd3 Kd5 58. Ke2 Kc4 59. Kd2 b4 60. Be5 b3 61. Bf6 Kd5 62. Bb2 Kc4 63. Ne5+ Kb4 64. Kd3 Ka4 65. Kc3 Kb5 66.
Kxb3 Kc5 67. Nc4 Kd5 68. Bc3 Ke4 69. Kc2 Kf3 70. Kd3 Kf4 71. Bd2+ Kf5 72. Ke3 Ke6 73. Kd4 Kd7 74. Kd5 Kc7 75. Kc5 Kd7 76. Nb6+ Ke6 77. Kc6 Ke5 78. Bc3+ Ke4 79. Kc5 Kd3 80. Be5 Ke4 81.
Kd6 Kf5 82. Nd5 Ke4 83. Nc3+ Kd3 84. Kd5 Ke3 85. Bd4+ Kd3 86. Ne4 Ke2 87. Ng3+ Kf3 88. Nf5 Kf4 89. Ne7 Kf3 90. Nc6 Kf4 91. Be5+ Kf3 92. Nd4+ Ke3 93. Nf5+ Kf3 94. Kd4 Kg4 95. Ke4 Kh3 96. Kf3 1/2-1/2

[Event "Early-Titled-Tuesday-Blitz-December-26-2023"]
[Site "Chess.com"]
[Date "2023.12.26"]
[Round "2"]
[White "matagordo"]
[Black "ShahMatKanal"]
[Result "0-1"]
[WhiteElo "2220"]
[BlackElo "2511"]
[TimeControl "180+1"]
[EndTime "8:19:20 PST"]
[Termination "ShahMatKanal won on time"]

1. d4 Nf6 2. Bf4 e6 3. e3 c5 4.
Nf3 cxd4 5. exd4 Qb6 6. Nc3 Qxb2 7. Bd2 Qb6 8. Rb1 Qd8 9. Bf4 d6 10. Bb5+ Nbd7 11. Qe2 Be7 12. O-O O-O 13. h3 a6 14.
Bd3 Re8 15. Rfe1 Nf8 16. Na4 b5 17. Nc3 Ng6 18. Bg3 d5 19. Ne5 Bb7 20. h4 Nxe5 21.
dxe5 Ne4 22. Nxe4 dxe4 23. Bxe4 Bxe4 24. Qxe4 Qc7 25. h5 h6 26. Re3 Rac8 27. c3 Qc4 28.
Qxc4 Rxc4 29. Rd1 Rec8 30. Rdd3 Kf8 31. Kf1 Bg5 32. f4 Be7 33. Ke2 Ke8 34. Kd2 b4 35. cxb4 Rc2+ 36. Ke1 Rxg2 37. Re2 Rc1+ 38. Kd2 Rxe2+ 39.
Kxe2 Rc2+ 40. Rd2 Rxd2+ 41. Kxd2 Bxb4+ 42. Kd3 Kd7 43. Ke4 g6 44. hxg6 fxg6 45. Bh4 Be7 46.
Bf2 Kc6 47. a4 g5 48. fxg5 Bxg5 49. Bg1 h5 50. Bf2 h4 51. Bg1 h3 52. Bh2 Bh4 53. Kf4 Kd5 54. Kg4 Bf2 55. Kxh3 Bd4 56. Kg4 Bxe5 57.
Bg1 Bd4 58. Bh2 e5 59. Kf3 e4+ 60. Ke2 Kc4 61. Bc7 Kb3 62. a5 Kc4 63. Bd8 Kb5 64. Bc7 Bc5 65. Bd8 Kc6 66. Bf6 Bb4 67. Bd8 Kd7 68. Bb6 Ke6 69. Ke3 Kd5 70. Bc7 Bc5+ 71. Ke2 Kd4 72. Bd8 Kc4 73. Bc7 Kb5 74. Bd8 Bb4 75. Ke3 Bxa5 76. Be7 Bb4 77. Bf6 a5 78. Kxe4 Kc4 79. Ke3 Bc3 80. Be7 Kb3 81. Kd3 a4 82.
Ke2 Bb4 83. Bf6 Kc2 84. Ke3 a3 85. Ke2 Bc3 86. Be7 a2 87. Bf6 a1=Q 88. Bg5 Qd1+ 0-1

[Event "Early-Titled-Tuesday-Blitz-December-26-2023"]
[Site "Chess.com"]
[Date "2023.12.26"]
[Round "2"]
[White "Statham_l3"]
[Black "Virgo15"]
[Result "1/2-1/2"]
[WhiteElo "2559"]
[BlackElo "2760"]
[TimeControl "180+1"]
[EndTime "8:20:02 PST"]
[Termination "Game drawn by stalemate"]

1. e4 c5 2. Nf3 d6 3. d4 cxd4 4. Nxd4 Nf6 5. Nc3 g6 6. Be3 Bg7 7. f3 O-O 8. Qd2 Nc6 9. O-O-O d5 10. exd5 Nxd5 11. Nxc6 bxc6 12. Bd4 e5 13. Bc5 Be6 14. Ne4 Re8 15. h4 h5 16. g4 hxg4 17. h5 Nf4 18. Qh2 Qxd1+ 19. Kxd1 Rad8+ 20. Bd3 Nxh5 21. fxg4 Bxg4+ 22.
Kc1 f5 23. Bc4+ Kh8 24. Nd6 Re7 25. Nf7+ Rxf7 26. Bxf7 Kh7 27. b3 Bh6+ 28. Kb1 Bf4 29. Qg2 Kg7 30. Qxc6 Kxf7 31. Qc7+ Ke6 32. Qxd8 e4 33.
Qe8+ Kd5 34. Qxg6 Ng3 35. Rh7 Kxc5 36. Rd7 Ne2 37. b4+ Kxb4 38. a3+ Kc5 39. Qe8 Nc3+ 40.
Ka1 Nd5 41. Qc8+ Kd4 42. Qc6 Ke3 43. Qxd5 Kf2 44. Qc5+ Be3 45. Qc3 Be2 46. Ka2 f4 47.
Rg7 f3 48. Qf6 Bc4+ 49. Kb2 Ke2 50. c3 Bd3 51. Qe5 f2 52. Qh5+ Kd2 53. Rg2 Bf1 54.
Rh2 Be2 55. Qh4 f1=Q 56. Rh1 Qf5 57. Qe1+ Kd3 58. Qb1+ Kc4 59. Qa2+ Kc5 60. Qb3 Qd5 61. Qb4+ Kc6 62. Rh7 Bb6 63. Rh6+ Kb7 64. Rh7+ Kc6 65. Rh6+ Kb7 66. Rh7+ Ka6 67. Qa4+ Qa5 68. Qb3 Qb5 69. a4 Qxb3+ 70. Kxb3 e3 71. Re7 Bd1+ 72. Kb2 e2 73. Re6 Kb7 74. Re7+ Kc6 75. Kc1 Kd6 76.
Re8 Kd7 77. Re4 Bf2 78. Kd2 e1=Q+ 79. Rxe1 Bxe1+ 80. Kxe1 Bxa4 81. c4 Kc6 82. Kd2 Kc5 83.
Kc3 Bd1 84. Kb2 a5 85. Ka1 a4 86. Kb1 Bb3 87. Ka1 a3 88. Kb1 Ba4 89. Ka2 Kb4 90.
c5 Bc6 91. Ka1 Kb3 92. Kb1 Be4+ 93. Ka1 Bc6 94. Kb1 Bd7 95. c6 a2+ 96. Ka1 Bc8 97. c7 Ka3 1/2-1/2

[Event "Early-Titled-Tuesday-Blitz-December-26-2023"]
[Site "Chess.com"]
[Date "2023.12.26"]
[Round "2"]
[White "Devil_Sun"]
[Black "Vladimir_Zakhartsov"]
[Result "0-1"]
[WhiteElo "2595"]
[BlackElo "2873"]
[TimeControl "180+1"]
[EndTime "8:20:03 PST"]
[Termination "Vladimir_Zakhartsov won by resignation"]

1. d4 Nf6 2. c4 g6 3. Nc3 d5 4. Nf3 Bg7 5. Qb3 dxc4 6. Qxc4 O-O 7. e4 a6 8. Be2 b5 9. Qb3 c5 10. dxc5 Nbd7 11. Be3 Ng4 12. c6 Nxe3 13. cxd7 Nxg2+ 14. Kf1 Nf4 15. dxc8=Q Qxc8 16. h3 e6 17. e5 Qc6 18.
Rh2 Rfd8 19. Qb4 Bh6 20. Qe4 Qc5 21. a3 Rac8 22. h4 Rd7 23. h5 g5 24. Kg1 Rcd8 25. Kh1 Kh8 26. Rg1 Rg8 27. Bf1 Qe7 28.
Ne2 Nd5 29. Rhg2 Rdd8 30. Ned4 Rdf8 31. Bd3 Rg7 32. Rg4 Rfg8 33. Nxg5 f5 34. exf6 Nxf6 35. Qxe6 Nxg4 36. Qxe7 Rxe7 37. Rxg4 Rxg5 38. Rxg5 Bxg5 39. Nf5 Rd7 40. Be4 Bf6 41. b3 Rd2 42. Kg2 Ra2 43. a4 bxa4 44. bxa4 Rxa4 45. Nd6 a5 46. h6 Kg8 47.
Bd5+ Kf8 48. Nb7 Bg5 49. Nc5 Ra3 50. Ne6+ Ke7 51. Nxg5 Kf6 52. Nxh7+ Kg6 53. Nf8+ Kxh6 54. Ne6 Rc3 55. Kf1 a4 56. Ke2 a3 57. Nd4 Rc5 58.
Bb3 Rc3 59. Kd2 Rh3 60. Kc2 Kg5 61.
Bd5 Kf4 62. Ne2+ Ke5 63. Kb1 Rh2 64. Bc4 Rxf2 65. Ka2 Ke4 66. Kxa3 Ke3 67. Nc3 Kd4 68.
Kb4 Rb2+ 69. Bb3 Rh2 70. Nb5+ Ke5 71. Kc5 Rh4 72. Bc4 Rh5 73. Nd4 Ke4+ 74. Kb4 Kxd4 75.
Bb5 Rc5 76. Ka5 Rc8 77. Kb4 Rb8 78. Ka4 Kc5 79. Bd7 Rb7 80. Bf5 Kc4 81. Be6+ Kc5 82. Ka3 Rb6 83. Bf7 Kd4 84. Ka2 Kc3 85. Ka1 Rf6 86. Ba2 Kc2 87. Bb1+ Kc1 88. Ba2 Rf1 89. Bb1 Re1 90. Ka2 Re2+ 91. Ka1 Rd2 92. Ba2 Kc2 93.
Bb1+ Kb3 94. Bf5 Rf2 95. Bb1 Kc3 96. Ba2 Kc2 97. Bb1+ Kc1 98. Ba2 Rf1 99. Bb1 Rg1 100. Ba2 Kc2+ 101. Bb1+ Rxb1+ 102. Ka2 Rb3 0-1

[Event "Early-Titled-Tuesday-Blitz-December-26-2023"]
[Site "Chess.com"]
[Date "2023.12.26"]
[Round "3"]
[White "Felix-Rose"]
[Black "Matic_Nareks"]
[Result "0-1"]
[WhiteElo "2248"]
[BlackElo "2492"]
[TimeControl "180+1"]
[EndTime "8:21:21 PST"]
[Termination "Matic_Nareks won by resignation"]

1. e4 d5 2. exd5 Qxd5 3. Nc3 Qa5 4. d4 Nf6 5. Bd2 Bg4 6. Nf3 Nc6 7. h3 Bxf3 8. Qxf3 O-O-O 9. d5 Nb4 10. Bc4 Nxc2+ 11.
Ke2 Nd4+ 0-1

[Event "Early-Titled-Tuesday-Blitz-December-26-2023"]
[Site "Chess.com"]
[Date "2023.12.26"]
[Round "3"]
[White "KVAIDAN"]
[Black "Ajedrez_con_German"]
[Result "0-1"]
[WhiteElo "2353"]
[BlackElo "2599"]
[TimeControl "180+1"]
[EndTime "8:22:04 PST"]
[Termination "Ajedrez_con_German won by resignation"]

1. f4 g6 2. Nf3 Bg7 3. d3 c5 4. e4 Nc6 5. Be2 d6 6. O-O Bg4 7. Qe1 Bxf3 8. Bxf3 Nf6 9. Nc3 O-O 10. Qh4 Nd4 11.
Bd1 e6 12. f5 Nd7 13. Bg5 Bf6 14. fxg6 fxg6 15. Bxf6 Rxf6 16. Bg4 Rxf1+ 17. Rxf1 Qxh4 0-1

[Event "Early-Titled-Tuesday-Blitz-December-26-2023"]
[Site "Chess.com"]
[Date "2023.12.26"]
[Round "3"]
[White "Lion_DL"]
[Black "Blackwhite017"]
[Result "1/2-1/2"]
[WhiteElo "2357"]
[BlackElo "2089"]
[TimeControl "180+1"]
[EndTime "8:22:43 PST"]
[Termination "Game drawn by repetition"]

1. d4 f5 2. Bg5 d6 3. Nc3 h6 4.
Bh4 g5 5. Bg3 f4 6. e3 fxg3 7.
Qh5+ Kd7 8. Qg4+ Ke8 9. Qh5+ Kd7 10. Qg4+ Ke8 11. Qh5+ Kd7 1/2-1/2

[Event "Early-Titled-Tuesday-Blitz-December-26-2023"]
[Site "Chess.com"]
[Date "2023.12.26"]
[Round "3"]
[White "ploxoi"]
[Black "Agibileg"]
[Result "0-1"]
[WhiteElo "2508"]
[BlackElo "2701"]
[TimeControl "180+1"]
[EndTime "8:23:43 PST"]
[Termination "Agibileg won by resignation"]

1. d4 Nf6 2. c4 e6 3. g3 c5 4.
d5 exd5 5. cxd5 d6 6. Nc3 g6 7.
Bg2 Bg7 8. Nf3 O-O 9. O-O Re8 10.
Nd2 Nbd7 11. h3 a6 12. a4 Rb8 13. Nc4 Ne5 14. Na3 Nh5 15. e4 Bd7 16. a5 b5 17.
axb6 Bb5 18. Naxb5 axb5 19. Nxb5 Qxb6 20. Na3 Qb3 21.
Qxb3 Rxb3 22. Bd2 Rxb2 23. Bc3 Rb3 24. Rfc1 Ra8 25. Nb1 Rxa1 26. Bxa1 Nd3 27. Rd1 Bxa1 28. Nd2 Rb2 29. Nc4 Rc2 30. Na3 Rc1 0-1

[Event "Early-Titled-Tuesday-Blitz-December-26-2023"]
[Site "Chess.com"]
[Date "2023.12.26"]
[Round "3"]
[White "rezamahdavi2008"]
[Black "WeAintSurePal"]
[Result "1-0"]
[WhiteElo "2865"]
[BlackElo "2520"]
[TimeControl "180+1"]
[EndTime "8:23:45 PST"]
[Termination "rezamahdavi2008 won by checkmate"]

1. Nf3 d5 2. c4 e6 3. g3 Nf6 4. Bg2 Be7 5. O-O O-O 6. b3 c5 7. cxd5 exd5 8. d4 Nc6 9. Bb2 Ne4 10. dxc5 Bxc5 11. Nc3 Nxc3 12. Bxc3 Bg4 13. h3 Bh5 14. Qd2 d4 15. Bb2 Re8 16. a3 a5 17.
Rfd1 Qe7 18. Re1 Rad8 19. Kh2 Bb6 20. Rac1 Qe6 21. Qg5 Bxf3 22. Bxf3 Qxb3 23. Ba1 d3 24. Qxg7# 1-0

[Event "Early-Titled-Tuesday-Blitz-December-26-2023"]
[Site "Chess.com"]
[Date "2023.12.26"]
[Round "3"]
[White "Dewarfd"]
[Black "LileKoridze"]
[Result "0-1"]
[WhiteElo "2096"]
[BlackElo "2365"]
[TimeControl "180+1"]
[EndTime "8:23:45 PST"]
[Termination "LileKoridze won by checkmate"]

1. b3 d5 2. Bb2 Nf6 3. Nf3 e6 4. e3 c5 5. c4 Nc6 6. cxd5 exd5 7. Bb5 Be6 8. O-O Be7 9. d4 O-O 10. dxc5 Bxc5 11. Nc3 a5 12. Na4 Be7 13. Rc1 Rc8 14.
Nd4 Nxd4 15. Qxd4 Bd6 16. Qh4 Be7 17. Qg3 Nh5 18. Qe5 Nf6 19. Rxc8 Qxc8 20. Rc1 Qd8 21. Qc7 Bd6 22. Qxd8 Rxd8 23. Bxf6 gxf6 24. h3 Bb4 25.
Rc7 d4 26. exd4 Rxd4 27. Rxb7 Rd1+ 28. Kh2 Bd6+ 29. g3 Bd5 30. Nc3 Rh1# 0-1

[Event "Early-Titled-Tuesday-Blitz-December-26-2023"]
[Site "Chess.com"]
[Date "2023.12.26"]
[Round "3"]
[White "GeorgMeier"]
[Black "ValentunHulka"]
[Result "1-0"]
[WhiteElo "3037"]
[BlackElo "2748"]
[TimeControl "180+1"]
[EndTime "8:23:51 PST"]
[Termination "GeorgMeier won by resignation"]

1. Nf3 d5 2. d4 Nf6 3. c4 e6 4.
g3 Bb4+ 5. Bd2 a5 6. Bg2 O-O 7. O-O Nbd7 8. a3 Be7 9. Qc2 c6 10. Rd1 Ne4 11. Be1 a4 12. Nfd2 Nxd2 13. Nxd2 b5 14. c5 e5 15. e4 Bb7 16. dxe5 Nxc5 17.
exd5 cxd5 18. Nf3 Rc8 19. Qe2 Qb6 20. Bb4 Rfe8 21. Nd4 Ne4 22. Qxb5 Qxb5 23. Nxb5 Bxb4 24. axb4 Rxe5 25. Bxe4 dxe4 26. Nd6 1-0

[Event "Early-Titled-Tuesday-Blitz-December-26-2023"]
[Site "Chess.com"]
[Date "2023.12.26"]
[Round "3"]
[White "NowInChess"]
[Black "Kostya0705"]
[Result "1-0"]
[WhiteElo "2306"]
[BlackElo "2570"]
[TimeControl "180+1"]
[EndTime "8:23:57 PST"]
[Termination "NowInChess won by resignation"]

1. e4 c5 2. d3 e6 3. g3 Nc6 4. Bg2 g6 5. f4 Bg7 6. Nf3 Nge7 7. O-O d6 8. c3 O-O 9. Be3 b6 10. d4 cxd4 11. cxd4 d5 12. e5 Ba6 13. Re1 Nb4 14. Qa4 Qc8 15. Qxb4 Nc6 16. Qd2 Rd8 17. Nc3 Bf8 18.
Rac1 b5 19. g4 b4 20. Na4 Bb5 21. Nc5 Rb8 22. Bh3 Bxc5 23. Rxc5 Qa6 24. Rec1 Rb6 25.
b3 Qb7 26. f5 exf5 27. gxf5 a5 28. f6 a4 29. Bf2 Kh8 30. Qh6 1-0

[Event "Early-Titled-Tuesday-Blitz-December-26-2023"]
[Site "Chess.com"]
[Date "2023.12.26"]
[Round "3"]
[White "UnTucopalaTimba"]
[Black "giomar27"]
[Result "0-1"]
[WhiteElo "2183"]
[BlackElo "2395"]
[TimeControl "180+1"]
[EndTime "8:23:59 PST"]
[Termination "giomar27 won by resignation"]

1. e4 e5 2. Nf3 d5 3. exd5 e4 4. Qe2 Nf6 5. Nc3 Be7 6. Ng5 Bf5 7. Qb5+ Nbd7 8. d3 O-O 9. dxe4 Bg6 10. Bd3 h6 11. Nf3 a6 12. Qxb7 Nc5 13. Qc6 Rb8 14. O-O Rb6 15. Qxb6 cxb6 16. a3 Nfxe4 17. Nxe4 Nxe4 18.
Re1 Nf6 19. Bxa6 Nxd5 0-1

[Event "Early-Titled-Tuesday-Blitz-December-26-2023"]
[Site "Chess.com"]
[Date "2023.12.26"]
[Round "3"]
[White "krucki03"]
[Black "Ali_rastbod"]
[Result "0-1"]
[WhiteElo "2508"]
[BlackElo "2724"]
[TimeControl "180+1"]
[EndTime "8:24:08 PST"]
[Termination "Ali_rastbod won by resignation"]

1. Nf3 c5 2. e3 Nc6 3. b3 e5 4. Bb5 e4 5. Ng1 Qg5 6. g3 h5 7. h4 Qf5 8. Bb2 Nf6 9. Nc3 a6 10.
Bxc6 dxc6 11. Qe2 b5 12. O-O-O Bd6 13. d3 Be5 14. dxe4 Nxe4 15. Nxe4 Bxb2+ 16. Kxb2 Qxe4 17. Qf3 Qe5+ 18. Kb1 O-O 19. Ne2 Bg4 20. Qf4 Qxf4 21.
Nxf4 Bxd1 22. Rxd1 Rad8 23. Rd3 g6 24. Kb2 Rfe8 25.
Kc3 Kg7 26. a3 Kf6 27. b4 c4 28. Rd4 Rxd4 29. Kxd4 Rd8+ 30. Kc5 Rd2 31. Kxc6 Rxc2 0-1

[Event "Early-Titled-Tuesday-Blitz-December-26-2023"]
[Site "Chess.com"]
[Date "2023.12.26"]
[Round "3"]
[White "TitarovVasiliYouTube"]
[Black "TedBelanoff"]
[Result "1-0"]
[WhiteElo "2539"]
[BlackElo "2263"]
[TimeControl "180+1"]
[EndTime "8:24:10 PST"]
[Termination "TitarovVasiliYouTube won by checkmate"]

1. e4 d5 2. exd5 Qxd5 3. Nc3 Qd6 4. d4 c6 5. Nf3 Bg4 6. h3 Bxf3 7. Qxf3 Qxd4 8. Be3 Qb4 9. O-O-O Nf6 10. a3 Qa5 11. g4 Nbd7 12. g5 Ng8 13. Bc4 e6 14. Rxd7 Kxd7 15. Qxf7+ Ne7 16. Bxe6+ Kc7 17. Bf4+ Kb6 18. Be3+ Kc7 19. Qf4+ Kd8 20. Rd1+ Ke8 21. Qf7# 1-0

[Event "Early-Titled-Tuesday-Blitz-December-26-2023"]
[Site "Chess.com"]
[Date "2023.12.26"]
[Round "3"]
[White "anasta10"]
[Black "PolinaYanch"]
[Result "1-0"]
[WhiteElo "2550"]
[BlackElo "1713"]
[TimeControl "180+1"]
[EndTime "8:24:24 PST"]
[Termination "anasta10 won by resignation"]

1. Nf3 d5 2. c4 c6 3. g3 e6 4. Bg2 Nf6 5. O-O dxc4 6. Ne5 Be7 7.
Nxc4 O-O 8. d3 b5 9. Ne5 Bb7 10. Nc3 Qc7 11. d4 Nbd7 12. Bf4 Bd6 13. Nxd7 Qxd7 14.
Bxd6 Qxd6 15. Nxb5 cxb5 16. Bxb7 Rad8 17. e3 Nd5 18. Bxd5 Qxd5 19. Qb3 e5 20. Qxd5 Rxd5 21. dxe5 Rxe5 22. Rfd1 f5 23. Rac1 a5 24. Rd7 Rf7 25. Rc8+ Rf8 26. Rcc7 1-0

[Event "Early-Titled-Tuesday-Blitz-December-26-2023"]
[Site "Chess.com"]
[Date "2023.12.26"]
[Round "3"]
[White "Sadykov_Ramil"]
[Black "Giantgoogachess"]
[Result "1-0"]
[WhiteElo "2607"]
[BlackElo "2376"]
[TimeControl "180+1"]
[EndTime "8:24:27 PST"]
[Termination "Sadykov_Ramil won by resignation"]

1. Nf3 d5 2. c4 dxc4 3. Qa4+ Nd7 4. Qxc4 a6 5. e4 c5 6. d4 cxd4 7. Qxd4 e6 8. Nc3 Ngf6 9. Bg5 h6 10. Bxf6 Qxf6 11. e5 Qd8 12. O-O-O Be7 13. Ne4 O-O 14.
Kb1 Qa5 15. Bd3 Nb6 16. Nf6+ Kh8 17. Qe4 g6 18. Qh4 h5 19. Qg5 1-0

[Event "Early-Titled-Tuesday-Blitz-December-26-2023"]
[Site "Chess.com"]
[Date "2023.12.26"]
[Round "3"]
[White "campochess"]
[Black "Aslanov_Umid"]
[Result "0-1"]
[WhiteElo "2174"]
[BlackElo "2557"]
[TimeControl "180+1"]
[EndTime "8:24:36 PST"]
[Termination "Aslanov_Umid won by resignation"]

1. e4 c5 2. Nc3 d6 3. g3 Nc6 4. Bg2 g6 5. d3 Bg7 6. Nge2 e6 7. O-O Nge7 8. f4 O-O 9. Bd2 Rb8 10. a4 a6 11. Kh1 b5 12. axb5 axb5 13. Qe1 b4 14.
Nd1 f5 15. c3 bxc3 16. bxc3 Na5 17. Be3 c4 18. d4 Nb3 19. Ra2 Bb7 20. exf5 Bxg2+ 21. Kxg2 Nxf5 22. Bg1 Qb6 23. Ne3 Qc6+ 24. Kh3 Nxe3 25. Bxe3 Rb5 26. Qf2 Rh5+ 27. Kg4 e5 28.
dxe5 dxe5 29. Qf3 Qe6+ 30. f5 Rfxf5 31. Ra8+ Rf8+ 0-1

[Event "Early-Titled-Tuesday-Blitz-December-26-2023"]
[Site "Chess.com"]
[Date "2023.12.26"]
[Round "3"]
[White "roxannyzoldyck"]
[Black "fugadelafuga"]
[Result "0-1"]
[WhiteElo "2232"]
[BlackElo "2434"]
[TimeControl "180+1"]
[EndTime "8:24:37 PST"]
[Termination "fugadelafuga won by checkmate"]

1. e4 c5 2. Nf3 Nc6 3. d4 cxd4 4. Nxd4 g6 5. Nc3 Bg7 6. Be3 Nf6 7. Bc4 O-O 8. Bb3 d6 9. f3 Bd7 10. Qd2 Na5 11.
O-O-O Nxb3+ 12. cxb3 Qa5 13. Kb1 Rfc8 14. g4 b5 15. h4 b4 16. Nce2 Qe5 17. h5 a5 18.
hxg6 hxg6 19. g5 Nxe4 20. fxe4 Qxe4+ 21. Qd3 Qxd3+ 22. Rxd3 e5 23. Ng3 exd4 24. Bxd4 a4 25. Bxg7 Kxg7 26. bxa4 Bxa4 27. Rxd6 Bc2+ 28. Ka1 Rxa2+ 29.
Kxa2 Ra8+ 30. Ra6 Rxa6# 0-1

[Event "Early-Titled-Tuesday-Blitz-December-26-2023"]
[Site "Chess.com"]
[Date "2023.12.26"]
[Round "3"]
[White "Alexei_Gubajdullin"]
[Black "MidnightFox"]
[Result "1-0"]
[WhiteElo "2666"]
[BlackElo "2494"]
[TimeControl "180+1"]
[EndTime "8:24:44 PST"]
[Termination "Alexei_Gubajdullin won by resignation"]

1. d4 Nf6 2. Nf3 g6 3. Bf4 Bg7 4. e3 O-O 5. Be2 d6 6. O-O b6 7. h3 Bb7 8. a4 a6 9. a5 b5 10. c4 bxc4 11. Bxc4 Nbd7 12. Nc3 Ne4 13. Nxe4 Bxe4 14.
b4 c6 15. Qe2 Qc8 16. Nd2 Bd5 17. Bxd5 cxd5 18. b5 axb5 19. Qxb5 Nf6 20. a6 Ra7 21. Rfc1 Qa8 22. Qc6 Rb8 23. Bg5 h6 24. Bxf6 Bxf6 25. Qxa8 Rbxa8 26. Rc6 Kg7 27. Nb1 e5 28. Ra4 exd4 29.
exd4 Re7 30. Nc3 Re1+ 31. Kh2 Bxd4 32. Rxd4 1-0

[Event "Early-Titled-Tuesday-Blitz-December-26-2023"]
[Site "Chess.com"]
[Date "2023.12.26"]
[Round "3"]
[White "chess_blitz00"]
[Black "YouJustFoundYourGodfather"]
[Result "0-1"]
[WhiteElo "2412"]
[BlackElo "2623"]
[TimeControl "180+1"]
[EndTime "8:24:54 PST"]
[Termination "YouJustFoundYourGodfather won on time"]

1. d4 e6 2. Nc3 d5 3. e4 Bb4 4. exd5 exd5 5. Bd3 Nc6 6. Ne2 Bg4 7. f3 Be6 8. Be3 Nge7 9. a3 Ba5 10.
O-O Nf5 11. Bf2 O-O 12. Na4 Bb6 13. Nxb6 axb6 14. c3 Re8 15. Qc2 h6 16. Rae1 Nd6 0-1

[Event "Early-Titled-Tuesday-Blitz-December-26-2023"]
[Site "Chess.com"]
[Date "2023.12.26"]
[Round "3"]
[White "Ezov"]
[Black "combidharma"]
[Result "0-1"]
[WhiteElo "2174"]
[BlackElo "2785"]
[TimeControl "180+1"]
[EndTime "8:25:01 PST"]
[Termination "combidharma won by resignation"]

1. d4 Nf6 2. Nc3 c5 3. dxc5 e6 4. e4 Bxc5 5. e5 Ng8 6. Nf3 Ne7 7. Bd3 d5 8. O-O Nbc6 9. Bg5 h6 10. Bh4 g5 11. Bg3 a6 12. a3 Ba7 13. Ne2 Bd7 14.
c4 Qb6 15. b4 dxc4 16. Bxc4 O-O-O 17. Rc1 Kb8 18. Qb3 Nf5 19. Rfd1 Nxg3 20. Nxg3 Qxf2+ 21. Kh1 Bc8 22. Rc2 Rxd1+ 23. Bf1 Rxf1+ 0-1

[Event "Early-Titled-Tuesday-Blitz-December-26-2023"]
[Site "Chess.com"]
[Date "2023.12.26"]
[Round "3"]
[White "DeyanKostov"]
[Black "Mikasinski"]
[Result "1-0"]
[WhiteElo "2483"]
[BlackElo "2632"]
[TimeControl "180+1"]
[EndTime "8:25:01 PST"]
[Termination "DeyanKostov won by resignation"]

1. d4 Nf6 2. c4 e6 3. Nc3 Bb4 4. e3 O-O 5. Bd3 d5 6. a3 Bxc3+ 7. bxc3 c5 8. cxd5 exd5 9. Ne2 Re8 10. O-O Nc6 11.
f3 Ne7 12. Ng3 Qc7 13. Bd2 Bd7 14. Rc1 b6 15. e4 dxe4 16. fxe4 Bg4 17. Qc2 c4 18.
Be2 Bxe2 19. Nxe2 Ng6 20. Ng3 Qc6 21. Rce1 Rad8 22. Bg5 Rd7 23. Bxf6 gxf6 24. Nh5 Rd6 25. Kh1 Kf8 26. d5 Qc5 27. Nxf6 Re5 28. Ng4 Rg5 29. h3 Qc8 30. Qe2 Kg7 31. Qf3 Qe8 32.
e5 Rd8 33. Qf6+ 1-0